 Dungeon Crawl Stone Soup version 0.31.0-32-g396128a36d (webtiles) character file.

Game seed: 1382024547245459400

2888 Peloso the Carver (level 9, -6/81 HPs)
             Began as a Minotaur Fighter on Apr 13, 2024.
             Was a Believer of Okawaru.
             Mangled by a two-headed ogre
             ... wielding a +0 giant club
              (20 damage)
             ... on level 8 of the Dungeon.
             The game lasted 00:13:45 (6661 turns).

Peloso the Carver (Minotaur Fighter)                Turns: 6661, Time: 00:13:47

Health: -6/81      AC: 18    Str: 21    XL:     9   Next: 48%
Magic:  8/8        EV:  8    Int:  5    God:    Okawaru [**....]
Gold:   463        SH:  6    Dex: 14    Spells: 8/8 levels left

rFire   . . .        a - +1 scimitar (venom)
rCold   + . .        d - +0 buckler
rNeg    . . .        c - +0 plate armour
rPois   .            (helmet restricted)
rElec   .            (no cloak)
rCorr   .            s - +2 pair of gloves
SInv    .            u - +0 pair of boots
Will    .....        (no amulet) Stlth
                     t - ring of flight
HPRegen 0.33/turn    h - ring of protection from cold
MPRegen 0.11/turn

%: no passive effects
@: flying
A: horns 2, retaliatory headbutt
a: Renounce Religion, Heroism


You were on level 8 of the Dungeon.
You worshipped Okawaru.
Okawaru was pleased with you.
You visited 2 branches of the dungeon, and saw 9 of its levels.
You also visited: Sewer and Ossuary.

You collected 463 gold pieces.

Inventory:

Hand Weapons
 a - a +1 scimitar of venom (weapon)
Armour
 b - a +0 chain mail of willpower
 c - a +0 plate armour (worn)
 d - a +0 buckler (worn)
 s - a +2 pair of gloves (worn)
 u - a +0 pair of boots (worn)
Jewellery
 h - a ring of protection from cold (right hand)
 j - a +6 ring of intelligence
 t - a ring of flight (left hand)
Talismans
 e - a blade talisman
Wands
 f - a wand of acid (19)
 n - a wand of mindburst (17)
Scrolls
 i - 2 scrolls of amnesia
 o - a scroll of poison
 v - a scroll of fog
 w - 5 scrolls of teleportation
 x - a scroll of immolation
 E - a scroll of fear
Potions
 g - 4 potions of heal wounds
 k - 2 potions of enlightenment
 l - 4 potions of berserk rage
 m - 3 potions of curing
 p - a potion of magic
 q - 8 potions of brilliance {unknown}
 r - a potion of resistance {unknown}
 z - a potion of might
 B - a potion of degeneration {unknown}
 C - a potion of invisibility
 D - 2 potions of cancellation {unknown}


   Skills:
 + Level 8.3 Fighting
 + Level 11.3 Long Blades
 + Level 8.4 Armour
 + Level 4.1 Dodging
 + Level 0.6 Stealth
 + Level 7.2 Shields


You had 8 spell levels left.
You didn't know any spells.
Your spell library was empty.

Dungeon Overview and Level Annotations

Branches:
Dungeon (8/15)             Temple (1/1) D:4           Sewer (visited)
Ossuary (visited)
   Lair: D:8-11

Altars:
Ashenzari
Cheibriados
Dithmenos
Elyvilon
Fedhas
Gozag
Hepliaklqana
Kikubaaqudgha
Makhleb
Nemelex Xobeh
Okawaru
Qazlal
Ru
Sif Muna
Trog
Vehumet
Wu Jian
Xom
Yredelemnul
Zin
The Shining One


Innate Abilities, Weirdness & Mutations

You have a pair of horns on your head.
You reflexively headbutt those who attack you in melee.


Message History

The orc wizard mumbles some strange words.
The orc wizard flickers and vanishes!
Deactivating autopickup; reactivate with Ctrl-A.
The orc priest mumbles some strange prayers to Beogh against you.
Beogh smites you!
The orc priest calls down the wrath of Beogh upon you.
Pain shoots through your body!
The orc priest looks braver for a moment.
The orc priest casts a cantrip, but nothing happens.
You block the orc's attack.
The orc priest invokes the aid of Beogh against you.
Beogh smites you!
The orc priest looks encouraged for a moment.
The orc attacks as it pursues you! The orc closely misses you.
The orc priest looks encouraged for a moment.
You block the orc's attack.
You barely miss the orc. The orc hits you but does no damage.
The orc attacks as it pursues you! The orc hits you but does no damage.
You barely miss the orc. The orc hits you but does no damage.
You slash the orc!
You kill the orc!
Okawaru accepts your kill.
You hit the two-headed ogre but do no damage.
You hit the two-headed ogre. You headbutt the two-headed ogre.
The two-headed ogre is lightly wounded.
The two-headed ogre hits you with a +0 giant club!
The two-headed ogre closely misses you.
You hit the two-headed ogre.
The two-headed ogre is poisoned.
The two-headed ogre is lightly wounded.
The two-headed ogre hits you with a +0 giant club! x2
You fail to use your ability.
You hit the two-headed ogre.
The two-headed ogre looks even sicker.
You headbutt the two-headed ogre!
The two-headed ogre is moderately wounded.
The orc priest mumbles some strange prayers to Beogh against you.
Beogh smites you!
* * * LOW HITPOINT WARNING * * *
The two-headed ogre hits you with a +0 giant club!!
You die...

#...#.............#.#..##
#...o...........#.#.#..##
#...#O##...............##
#..o#...o.....#........##
#..o#.##.#.#..#.#.#.#..##
#..{#.##o#....#..........
#...#.##o#.#..#.#.#.#....
#..##.##O# ...#........
#.. #.##@# ##.###.#.###
#.##.# #.#.### #. ... .
#.... ##.#. ## #####
#.... ### .. ..# .#


You could see a two-headed ogre (very poisoned) and 3 orc priests.

Vanquished Creatures
  A wyvern (D:8)
  Pargi (Sewer)
  A water moccasin (D:7)
  An orc warrior (D:5)
  An ice beast (D:4)
  A centaur (D:7)
  An ogre (D:4)
  3 phantoms
  A kobold brigand (D:7)
  A bullfrog (D:7)
  A brain worm (Sewer)
  10 scorpions
  5 hounds
  2 human zombies (Ossuary)
  A bombardier beetle (D:5)
  A gnoll bouda (D:7)
  6 orc priests
  Ijyb (D:4)
  3 scorpion zombies (Ossuary)
  An iguana (D:4)
  5 orc wizards
  3 mummies (Ossuary)
  15 gnolls
  6 adders
  A river rat (D:4)
  A shadow imp (D:6)
  2 white imps
  An adder zombie (Ossuary)
  5 dart slugs
  A ribbon worm (D:3)
  40 orcs
  7 ball pythons
  12 bats
  6 endoplasms
  4 giant cockroaches
  3 gnoll zombies (Ossuary)
  8 hobgoblins
  7 jackals
  12 kobolds
  5 quokkas
  3 ball python zombies (Ossuary)
  5 frilled lizards
  8 goblins
  2 jackal zombies (Ossuary)
  3 orc zombies (Ossuary)
  3 rats
211 creatures vanquished.

Notes
Turn   | Place    | Note
-------+----------+-------------------------------------------
     0 | D:1      | Peloso the Minotaur Fighter began the quest for the Orb.
     0 | D:1      | Reached XP level 1. HP: 19/19 MP: 0/0
   158 | D:1      | Reached XP level 2. HP: 27/27 MP: 1/1
   362 | D:1      | Reached skill level 6 in Long Blades
   362 | D:1      | Reached skill level 5 in Armour
   362 | D:1      | Reached skill level 5 in Shields
   362 | D:1      | Reached XP level 3. HP: 22/37 MP: 2/2
   620 | D:2      | Found an opulent altar of Gozag.
   850 | D:2      | Reached XP level 4. HP: 40/44 MP: 3/3
  1259 | D:3      | Reached skill level 7 in Long Blades
  1330 | D:3      | Reached XP level 5. HP: 27/50 MP: 4/4
  1539 | D:3      | Found a glowing golden altar of the Shining One.
  1855 | D:3      | Noticed a phantom
  1864 | D:3      | Killed a phantom
  2072 | D:4      | Noticed an ice beast
  2080 | D:4      | Noticed an ogre
  2086 | D:4      | Killed an ice beast
  2086 | D:4      | Noticed Ijyb
  2087 | D:4      | Reached XP level 6. HP: 58/58 MP: 5/5
  2134 | D:4      | Killed Ijyb
  2260 | D:4      | Found a glowing drain.
  2264 | Sewer    | Entered a sewer
  2305 | Sewer    | Reached skill level 8 in Long Blades
  2305 | Sewer    | Reached XP level 7. HP: 52/64 MP: 3/6
  2345 | Sewer    | Noticed Pargi
  2367 | Sewer    | Killed Pargi
  2800 | D:4      | Found a staircase to the Ecumenical Temple.
  2805 | Temple   | Entered the Ecumenical Temple
  2818 | Temple   | Became a worshipper of Warmaster Okawaru
  3067 | D:5      | Entered Level 5 of the Dungeon
  3193 | D:5      | Found a glowing silver altar of Zin.
  3509 | D:5      | Reached XP level 8. HP: 73/73 MP: 7/7
  3662 | D:5      | Reached skill level 9 in Long Blades
  4254 | D:6      | HP: 3/73 [orc priest/+0 hand axe (2)]
  4256 | D:6      | Reached * piety under Okawaru
  4281 | D:6      | Found a sand-covered staircase.
  4287 | Ossuary  | Entered an ossuary
  4678 | Ossuary  | Reached skill level 10 in Long Blades
  4687 | Ossuary  | Reached XP level 9. HP: 78/81 MP: 8/8
  5300 | D:6      | Found an ornate altar of the Wu Jian Council.
  5301 | D:6      | Found a hazy altar of Hepliaklqana.
  5489 | D:7      | Reached ** piety under Okawaru
  5799 | D:7      | Reached skill level 11 in Long Blades
  6301 | D:7      | Found a white marble altar of Elyvilon.
  6401 | D:7      | Found a blossoming altar of Fedhas.
  6404 | D:7      | Found a bloodstained altar of Trog.
  6404 | D:7      | Found a basalt altar of Yredelemnul.
  6410 | D:7      | Found a broken altar of Ashenzari.
  6641 | D:8      | Noticed a two-headed ogre
  6661 | D:8      | Mangled by a two-headed ogre

Illustrated notes

Levels and vault maps discovered:
D:1:      psy_arrival_whirlpool, layout_rooms
D:2:      layout_rooms, basic_altar
D:3:      layout_loops_ring, tso_oasis_becter
D:4:      layout_basic, minmay_temple_entry_nine_rooms, gup_sewer_entry_spiral,
          uniq_ijyb
D:5:      layout_basic, zin_statuary
D:6:      layout_basic, nicolae_overflow_two_pavilions,
          nicolae_ossuary_entry_plus
D:7:      layout_gridville, nicolae_overflow_hallway_of_the_gods
D:8:      layout_basic
Temple:   hellmonk_temple_flake

Skill      XL: |  1  2  3  4  5  6  7  8  9 |
---------------+----------------------------+-----
Fighting       | 4 6 7 8 |  8.3
Long Blades    | 6 7 8 10 11 | 11.3
Armour         | 5 6 7 8 |  8.4
Dodging        | 3 4 |  4.1
Shields        | 5 6 7 |  7.2
Stealth        | |  0.6

Action                     |  1- 3 |  4- 6 |  7- 9 || total
---------------------------+-------+-------+-------++-------
  Melee: Long sword        |    58 |   165 |   126 ||   349
         Headbutt          |     7 |    20 |    76 ||   103
         Scimitar          |       |       |   216 ||   216
    Use: Potion            |     3 |     4 |     1 ||     8
         Scroll            |     2 |     5 |     8 ||    15
   Stab: Invisible         |       |     5 |       ||     5
 Armour: Scale mail        |    44 |     6 |       ||    50
         Plate armour      |       |   159 |   274 ||   433
  Dodge: Dodged            |    29 |    66 |   123 ||   218
  Block: Buckler           |    15 |    54 |   109 ||   178
         Form:             |     1 |       |       ||     1
         Blade             |     1 |       |       ||     1
